 Dungeon Crawl Stone Soup version 0.26-a0-1020-ge47f559bc5 (webtiles) character file.

Game seed: 3343913242848104815

800 Conn the Firebug (level 7, 0/43 HPs)
             Began as an Octopode Fire Elementalist on Dec 8, 2020.
             Slain by an orc wizard
             ... wielding a +0 dagger
              (5 damage)
             ... on level 4 of the Dungeon.
             The game lasted 00:15:57 (4395 turns).

Conn the Firebug (Octopode Fire Elementalist)       Turns: 4395, Time: 00:15:58

Health: 0/43       AC:  1    Str:  7      XL:     7   Next: 90%
Magic:  12/12      EV: 14    Int: 18 (19) God:
Gold:   103        SH:  0    Dex: 13      Spells: 9/13 levels left

rFire    + + .     SeeInvis .   s - +2 dagger (venom)
rCold    + . .     Faith    .   (no shield)
rNeg     . . .     Spirit   .   (helmet restricted)
rPois    +         Reflect  .   d - amulet of regeneration
rElec    +         Harm     .   (no ring)
rCorr    +         Rampage  .   (no ring)
Will     .....                  (no ring)
Stlth    ++++......             (no ring)
HPRegen  0.54/turn              (no ring)
MPRegen  0.13/turn              (no ring)
                                (no ring)
                                (no ring)

@: about to teleport, resistant, attractive, slowed, very slow
A: almost no armour, stealthy swim, amphibious, 8 rings, constrict 8, fangs 1,
camouflage 1, deterioration 1, fire resistance 1, gelatinous body 1
a: no special abilities


You were on level 4 of the Dungeon.
You visited 1 branch of the dungeon, and saw 4 of its levels.
You also visited: Ossuary.

You collected 103 gold pieces.

Inventory:

Hand Weapons
 b - a +0 short sword
 r - a +2 vorpal mace
 s - a +2 dagger of venom (weapon)
Missiles
 m - 23 poisoned darts (quivered)
 v - 2 boomerangs of dispersal
Jewellery
 d - an amulet of regeneration (around mantle)
Wands
 u - a wand of random effects (19)
Scrolls
 a - 3 scrolls of teleportation
 c - a scroll of amnesia
 e - a scroll of random uselessness {unknown}
 i - a scroll of identify {unknown}
 k - a scroll of fog {unknown}
 n - a scroll of remove curse {unknown}
 o - 2 scrolls of enchant armour {unknown}
 p - 2 scrolls of immolation {unknown}
 q - a scroll of noise {unknown}
 w - a scroll of blinking {unknown}
Potions
 f - 2 potions of ambrosia
 t - 3 potions of curing


   Skills:
 + Level 1.6 Fighting
 + Level 2.1 Short Blades
 + Level 3.2 Dodging
 + Level 4.9 Stealth
 + Level 3.8 Spellcasting
 * Level 3.8 Conjurations
 * Level 5.2 Fire Magic


You had 9 spell levels left.
You knew the following spells:

 Your Spells              Type           Power        Failure   Level
a - Foxfire               Conj/Fire      ###.         2%          1
b - Conjure Flame         Conj/Fire      ###.....     7%          3

Your spell library contained the following spells:

 Spells                   Type           Power        Failure   Level
 Inner Flame              Hex/Fire       ##......     16%         3
 Sticky Flame             Conj/Fire      ###.....     24%         4
 Fireball                 Conj/Fire      ###.......   54%         5


Dungeon Overview and Level Annotations

Branches:
Dungeon (4/15)            Ossuary (visited)
 Temple: D:4-7

Altars:
Fedhas


Innate Abilities, Weirdness & Mutations

You cannot wear most types of armour.
You are very stealthy in the water. (Stealth+)
You are amphibious.
You can wear up to eight rings at the same time.
You can use your tentacles to constrict eight enemies at once.
Your skin changes colour to match your surroundings (Stealth+).
Your rubbery body absorbs attacks. (AC +1, EV +1)
You have very sharp teeth.
Your body sometimes deteriorates upon taking damage.
Your flesh is heat resistant. (rF+)


Message History

You feel resistant to heat.
The orc wizard hits you with a +0 dagger.
The orc closely misses you.
The orc wizard hits you with a +0 dagger.
It was a potion of resistance.
You feel protected. The orc hits you with a +0 trident!
The orc wizard hits you with a +0 dagger.
The orc hits you with a +0 trident!
Your body deteriorates!
You feel dopey. The orc misses you. The orc priest is pulled toward you!
As you read the scroll of teleportation, it crumbles to dust.
You feel strangely unstable.
The orc wizard hits you but does no damage.
The orc wizard hits you with a +0 dagger.
The orc hits you with a +0 trident!
* * * LOW HITPOINT WARNING * * *
The orc closely misses you.
The orc wizard hits you with a +0 dagger.
You die...

.##.##########.............#.#
.##.................o......#.#
.#############.............#.#
. #####....##.......#.#
......#...#.......#
.............#.####
................#
######.o#o#.....# #..@o......#
#........... #.####.....# #.
.....# # .....# #+#.# .^


You could see an orc wizard (fast) and 2 orcs.

Vanquished Creatures
  Eustachio (D:4)
  A scorpion (D:4)
  2 centaur zombies (Ossuary)
  A hound (D:4)
  Crazy Yiuf (D:3)
  2 orc priests (D:4)
  3 orc wizards
  An iguana (D:4)
  2 worker ants (D:4)
  2 big kobold zombies (Ossuary)
  6 mummies (Ossuary)
  6 adders
  3 worms
  A dart slug (D:1)
  4 leopard geckos
  10 orcs
  5 giant cockroaches
  5 goblins
  7 hobgoblins
  6 jackals
  3 quokkas
  8 bats
  7 frilled lizards
  2 hobgoblin zombies (Ossuary)
  11 kobolds
  14 rats
114 creatures vanquished.

Vanquished Creatures (others)
  233 foxfires
  6 plants (D:3)
239 creatures vanquished.

Grand Total: 353 creatures vanquished

Notes
Turn   | Place    | Note
-------+----------+-------------------------------------------
     0 | D:1      | Conn the Octopode Fire Elementalist began the quest for the
                  | Orb.
     0 | D:1      | Reached XP level 1. HP: 11/11 MP: 3/3
   476 | D:1      | Reached XP level 2. HP: 14/17 MP: 0/5
   980 | D:1      | Reached XP level 3. HP: 21/21 MP: 4/6
  2416 | D:2      | Learned a level 3 spell: Conjure Flame
  2435 | D:3      | Reached XP level 4. HP: 27/27 MP: 2/7
  2776 | D:3      | Found a blossoming altar of Fedhas.
  2890 | D:3      | Reached XP level 5. HP: 13/32 MP: 7/9
  3006 | D:3      | Reached skill level 4 in Fire Magic
  3015 | D:3      | Reached skill level 1 in Short Blades
  3424 | D:3      | Found a runed translucent door.
  3425 | D:3      | Noticed Crazy Yiuf
  3445 | D:3      | Killed Crazy Yiuf
  3585 | D:4      | Noticed Eustachio
  3628 | D:4      | Reached XP level 6. HP: 18/37 MP: 7/10
  3784 | D:4      | Killed Eustachio
  3785 | D:4      | Reached skill level 1 in Fighting
  3828 | D:4      | Reached XP level 7. HP: 43/43 MP: 11/11
  3964 | D:4      | Found a sand-covered staircase.
  3988 | Ossuary  | Entered an ossuary
  4008 | Ossuary  | Reached skill level 5 in Fire Magic
  4171 | Ossuary  | HP: 2/43 [big kobold zombie (5)]
  4393 | D:4      | Gained mutation: Your body sometimes deteriorates upon
                  | taking damage. [potion of mutation]
  4393 | D:4      | Gained mutation: You have very sharp teeth. [potion of
                  | mutation]
  4393 | D:4      | Gained mutation: Your flesh is heat resistant. (rF+)
                  | [potion of mutation]
  4395 | D:4      | Slain by an orc wizard

Illustrated notes

Levels and vault maps discovered:
D:1:      lemuel_arrival_muddy, layout_basic, minmay_tree_intersection,
          minmay_hexomino_f4
D:2:      layout_basic, serial_bayou_pond_a
D:3:      layout_loops_ring, grunt_ministairs_2, fedhas_ov_isle_minmay,
          uniq_crazy_yiuf_cottage
D:4:      layout_basic, nicolae_ossuary_entry_ruins, uniq_eustachio

Skill      XL: |  1  2  3  4  5  6  7 |
---------------+----------------------+-----
Stealth        | 3 4 |  4.9
Fire Magic     | 4 5 |  5.2
Short Blades   | 1 2 |  2.1
Conjurations   | 2 3 |  3.8
Spellcasting   | 3 |  3.8
Fighting       | 1 |  1.6
Dodging        | 3 |  3.2

Action                   |  1- 3 |  4- 6 |  7- 9 || total
-------------------------+-------+-------+-------++-------
Melee: Short sword       |    30 |       |       ||    30
       Constrict         |     5 |    14 |    11 ||    30
       Tentacles         |     2 |    11 |     6 ||    19
       Unarmed           |     1 |       |       ||     1
       Dagger            |       |    60 |    65 ||   125
 Cast: Foxfire           |    53 |    55 |    33 ||   141
       Conjure Flame     |       |     1 |       ||     1
Evoke: Wand              |       |       |     2 ||     2
  Use: Scroll            |       |     3 |     3 ||     6
       Potion            |       |     2 |    12 ||    14
 Stab: Sleeping          |    10 |     1 |     4 ||    15
       Confused          |       |       |     1 ||     1
Armor: Skin              |     3 |    10 |    20 ||    33
Dodge: Dodged            |    29 |    62 |    52 ||   143

Table legend: (Time is in decaauts)
 A = Elapsed time spent in this place.
 B = Non-inter-level travel time spent in this place.
 C = Inter-level travel time spent in this place.
 D = Time resting spent in this place.
 E = Time spent auto-exploring this place.
 F = Levels seen in this place.
 G = Mean time per level.
                   A        B        C        D        E       F      G
               +--------+--------+--------+--------+--------+-----+--------+
         Total |   4359 |   4340 |     19 |    333 |   2590 |   5 |  871.8 |
       Dungeon |   4063 |   4044 |     19 |    244 |   2590 |   4 | 1015.8 |
       Ossuary |    296 |    296 |      0 |     89 |      0 |   1 |  296.0 |
               +--------+--------+--------+--------+--------+-----+--------+

Top non-repeatable levels by time:
     D:1: 1626 daAuts
     D:3: 1076 daAuts
     D:2: 815 daAuts
     D:4: 545 daAuts
 Ossuary: 296 daAuts
